[Event "December 19 Early 2023"]
[Site "https://www.chess.com"]
[Date "2023.12.19"]
[Round "3"]
[White "aksuliini1"]
[Black "Matinian, Nikita"]
[Result "0-1"]
[Board "66"]
[TimeControl "180+1"]
[BlackFideId "24129100"]
[WhiteElo "2550"]
[BlackElo "2417"]
[BlackTeam "FID"]
[WhiteClock "0:00:00"]
[BlackClock "0:00:12"]

1. e4 c5 2. Nf3 d6 3. d4 cxd4 4. Nxd4 Nf6 5. Nc3 g6 6. Be3 Nc6 7. Bb5 Bd7 8. O-O Bg7 9. h3 O-O 10. Nxc6 Bxc6 11. Bxc6 bxc6 12. Qd3 Qa5 13. Qc4 Rfc8 14. a4 d5 15. Qc5 Qxc5 16. Bxc5 e6 17. Rfd1 dxe4 18. Bd4 a5 19. Rab1 Rab8 20. b3 Rb4 21. Bc5 Rb7 22. Bd4 Nd5 23. Bxg7 Kxg7 24. Nxe4 Rb4 25. c4 Nf4 26. Kf1 Rcb8 27. Nc5 Re8 28. Rd6 e5 29. Rxc6 e4 30. Re1 Re5 31. Rxe4 Rxe4 32. Nxe4 Rxb3 33. Ke1 Nxg2+ 34. Kd2 Rxh3 35. c5 Nf4 36. Rc7 Rd3+ 37. Kc2 Rd4 38. Nd6 Rxa4 39. Rxf7+ Kh6 40. c6 Ne6 41. Re7 Nd4+ 42. Kd3 Nxc6 43. Nf7+ Kh5 44. Rc7 Nb4+ 45. Ke2 Ra2+ 46. Kf3 Nd3 47. Rc3 Rxf2+ 48. Ke3 Rxf7 49. Rxd3 g5 50. Rd5 Ra7 51. Rd3 a4 52. Ra3 Kh4 53. Kf3 g4+ 54. Kg2 h5 55. Kh2 Kg5 56. Kg3 h4+ 57. Kg2 h3+ 58. Kg3 Kh5 59. Kh2 Kh4 60. Kg1 g3 61. Kh1 Ra5 62. Kg1 Kg4 63. Kh1 g2+ 64. Kh2 Kf4 65. Kg1 Ke4 66. Kh2 Kd4 67. Rxh3 a3 68. Rh4+ Ke3 69. Rh3+ Kf2 70. Rb3 g1=Q+ 0-1

[Event "December 19 Early 2023"]
[Site "https://www.chess.com"]
[Date "2023.12.19"]
[Round "3"]
[White "Volovich, Vasily"]
[Black "Zimmermann, Ulrich"]
[Result "0-1"]
[Board "67"]
[TimeControl "180+1"]
[WhiteFideId "34169676"]
[BlackFideId "24654523"]
[WhiteElo "2313"]
[BlackElo "2223"]
[WhiteTeam "RUS"]
[BlackTeam "GER"]
[WhiteClock "0:00:05"]
[BlackClock "0:00:05"]

1. d4 Nf6 2. Nc3 e6 3. Bf4 c5 4. d5 Nxd5 5. Nxd5 exd5 6. Qxd5 Be7 7. O-O-O O-O 8. Nf3 Nc6 9. e4 Nb4 10. Qb3 d6 11. a3 Be6 12. Bc4 Bxc4 13. Qxc4 b5 14. Qxb5 Rb8 15. Qa4 Bf6 16. axb4 Rxb4 17. Qxb4 cxb4 18. Bxd6 Qa5 19. Bxf8 Qa1+ 20. Kd2 Qxb2 21. Bd6 Qc3+ 22. Ke2 Qxc2+ 23. Nd2 Bc3 24. Bf4 h6 25. Rc1 Qa4 26. Be3 Qb5+ 27. Kf3 Qd3 28. Rhd1 f5 29. exf5 Qxf5+ 30. Ke2 Qb5+ 31. Ke1 a5 32. Rxc3 bxc3 33. Ne4 Qb4 34. Rd4 Qb1+ 35. Ke2 c2 36. Rc4 a4 37. Rc3 a3 38. Rxa3 c1=Q 39. Bxc1 Qxc1 40. Re3 Qc2+ 41. Kf3 Kh7 42. g3 Qd1+ 43. Kg2 Qd5 44. h4 Kg6 45. Kh2 Kh7 46. Nd2 Qxd2 47. Kg2 Kg6 48. Rf3 Qd5 49. g4 Qe4 50. Kg3 Qe5+ 51. Kg2 Qe4 52. Kg3 Qe1 53. Kg2 h5 54. gxh5+ Kxh5 55. Rg3 g6 56. Rg5+ Kh6 57. Rg3 Qe4+ 58. Kh2 Qf4 59. Kg2 Kh5 60. Re3 Kxh4 61. Rg3 Kh5 62. Rh3+ Kg5 63. Rg3+ Kh6 64. Re3 g5 65. Rg3 Kh5 66. Re3 g4 67. Rg3 Qe4+ 68. Kh2 Kh4 69. Re3 Qf4+ 70. Kg2 Qf5 71. Rg3 Qd5+ 72. Kh2 Qd2 73. Kg2 Qd5+ 74. Kh2 Qe4 75. Re3 Qh7 76. Kg2 Kg5 77. Rg3 Kf4 78. Re3 Qb7+ 79. Kh2 Qb2 80. Kg2 Qd2 81. Rg3 Qe2 82. Re3 Qd1 83. Rg3 Qd5+ 84. Kh2 Qh5+ 85. Kg2 Qh4 86. Re3 Qg5 87. Rg3 Qh5 88. Re3 Qh4 89. Rg3 Qxg3+ 90. fxg3+ Ke3 91. Kg1 Kf3 92. Kf1 Kxg3 93. Kg1 Kf3 94. Kh1 Kg3 95. Kg1 Kh3 96. Kh1 g3 97. Kg1 g2 98. Kf2 Kh2 0-1

[Event "December 19 Early 2023"]
[Site "https://www.chess.com"]
[Date "2023.12.19"]
[Round "3"]
[White "Sharapov, Evgeny"]
[Black "Krzyzanowski, Marcin"]
[Result "1-0"]
[Board "68"]
[TimeControl "180+1"]
[WhiteFideId "14103133"]
[BlackFideId "1132199"]
[WhiteElo "2358"]
[BlackElo "2471"]
[WhiteTeam "UKR"]
[BlackTeam "POL"]
[WhiteClock "0:00:46"]
[BlackClock "0:00:03"]

1. e4 c5 2. Nf3 Nc6 3. d4 cxd4 4. Nxd4 e5 5. Nb5 d6 6. N1c3 a6 7. Na3 Be6 8. Nc4 Rb8 9. Ne3 Nf6 10. g3 h5 11. h3 Be7 12. Bg2 b5 13. O-O Nd4 14. a4 b4 15. Ncd5 Nxd5 16. exd5 Bd7 17. g4 hxg4 18. hxg4 Bg5 19. c3 bxc3 20. bxc3 Nb3 21. Rb1 Nxc1 22. Rxb8 Qxb8 23. Qxc1 Bf4 24. Re1 Bxa4 25. Qa3 Bxe3 26. Qxa4+ Ke7 27. fxe3 Rc8 28. c4 Rc7 29. Qxa6 Qb4 30. Rf1 Qc3 31. Qb6 Rxc4 32. Qa7+ Rc7 33. Qb6 Rc5 34. Qa7+ Rc7 35. Qb6 Rc5 36. g5 Qxe3+ 37. Kh2 Qc3 38. Qa7+ Rc7 39. Qf2 Kf8 40. g6 Qc4 41. gxf7 Qg4 42. Qg3 Qh5+ 43. Qh3 Qxh3+ 44. Kxh3 Rxf7 45. Rxf7+ Kxf7 46. Kg4 Kf6 47. Be4 Kf7 48. Kg5 Kg8 49. Kg6 Kf8 50. Bf5 Kg8 51. Be6+ Kh8 52. Kf7 Kh7 53. Ke7 g6 54. Kxd6 e4 55. Bg4 Kh6 56. Ke5 Kg5 57. Bd1 e3 58. d6 Kh4 59. d7 Kg3 60. d8=Q Kf2 61. Qh4+ Kg2 62. Qg4+ Kh2 63. Bf3 e2 64. Qg2# 1-0

[Event "December 19 Early 2023"]
[Site "https://www.chess.com"]
[Date "2023.12.19"]
[Round "3"]
[White "Maurizzi, Marc`Andria"]
[Black "Dinu, Dumitru-Daniel"]
[Result "1-0"]
[Board "69"]
[TimeControl "180+1"]
[WhiteFideId "36083534"]
[BlackFideId "1208403"]
[WhiteElo "2417"]
[BlackElo "2240"]
[WhiteTeam "FRA"]
[BlackTeam "ROU"]
[WhiteClock "0:01:39"]
[BlackClock "0:00:00"]

1. e4 c5 2. Nf3 d6 3. d4 cxd4 4. Nxd4 Nf6 5. Nc3 a6 6. b4 e5 7. Nf3 d5 8. a3 d4 9. Nxe5 dxc3 10. Qxd8+ Kxd8 11. Nxf7+ Ke8 12. Nxh8 Be6 13. e5 Nfd7 14. Bd3 g6 15. Nxg6 hxg6 16. Bxg6+ Kd8 17. Bg5+ Kc7 18. f4 Nc6 19. h4 a5 20. b5 Nd4 21. Rh3 Bxh3 22. gxh3 Bc5 23. Rd1 Rg8 24. Be4 Ne6 25. Ke2 Rf8 26. Rf1 Bxa3 27. Bd5 Nd4+ 28. Kd3 Nf5 29. h5 Ng3 30. Rf3 Nxh5 31. e6 Ndf6 32. Ba2 Bd6 33. f5 Rg8 34. h4 Rf8 35. Kxc3 Ng3 36. Kd3 Nfh5 37. f6 Nxf6 38. Rxf6 Rxf6 39. Bxf6 Nh5 40. Bg5 Ng7 41. Ke4 Ne8 42. h5 Ng7 43. h6 Ne8 44. h7 1-0

[Event "December 19 Early 2023"]
[Site "https://www.chess.com"]
[Date "2023.12.19"]
[Round "3"]
[White "Jankowiak, Tomasz"]
[Black "Leiva, Gianmarco"]
[Result "0-1"]
[Board "70"]
[TimeControl "180+1"]
[WhiteFideId "1185357"]
[BlackFideId "3804399"]
[WhiteElo "2056"]
[BlackElo "2338"]
[WhiteTeam "POL"]
[BlackTeam "PER"]
[WhiteClock "0:00:33"]
[BlackClock "0:01:17"]

1. e4 c5 2. Nf3 d6 3. d4 cxd4 4. Nxd4 Nf6 5. Nc3 a6 6. Bc4 e6 7. Bb3 b5 8. Bg5 Be7 9. Qf3 Qc7 10. e5 dxe5 11. Nxe6 fxe6 12. Qxa8 Bb7 13. Qa7 Bc5 14. Be3 Bxa7 15. Bxa7 Bxg2 16. Rg1 Qxa7 17. Rxg2 Nc6 18. O-O-O Nd4 19. Rdg1 O-O 20. h4 b4 21. Rxg7+ Qxg7 22. Rxg7+ Kxg7 23. Nd1 Nxb3+ 24. axb3 Ne4 25. Ne3 Rxf2 0-1

[Event "December 19 Early 2023"]
[Site "https://www.chess.com"]
[Date "2023.12.19"]
[Round "3"]
[White "Muradli, Mahammad"]
[Black "Avila Rodriguez, Joshua Ad"]
[Result "1-0"]
[Board "71"]
[TimeControl "180+1"]
[WhiteFideId "13409301"]
[BlackFideId "5126444"]
[WhiteElo "2551"]
[BlackElo "2097"]
[WhiteTeam "AZE"]
[BlackTeam "MEX"]
[WhiteClock "0:02:19"]
[BlackClock "0:01:30"]

1. Nf3 Nf6 2. g3 d5 3. Bg2 c5 4. O-O e6 5. c4 d4 6. b4 cxb4 7. a3 Nc6 8. d3 a5 9. Bf4 Be7 10. Ne5 Nxe5 11. Bxe5 O-O 12. axb4 Bxb4 13. Na3 Ra6 14. Nb5 Rb6 15. Bc7 1-0

[Event "December 19 Early 2023"]
[Site "https://www.chess.com"]
[Date "2023.12.19"]
[Round "3"]
[White "Praggnanandhaa R"]
[Black "Horak, Martin"]
[Result "1-0"]
[Board "72"]
[TimeControl "180+1"]
[WhiteFideId "25059530"]
[BlackFideId "367095"]
[WhiteElo "2665"]
[BlackElo "2091"]
[WhiteTeam "IND"]
[BlackTeam "CZE"]
[WhiteClock "0:01:42"]
[BlackClock "0:00:00"]

1. d4 d5 2. Bg5 c5 3. e3 Nc6 4. Nf3 Qb6 5. dxc5 Qxc5 6. Nc3 Be6 7. Nd4 Bd7 8. Nb3 Qb6 9. Nxd5 Qd8 10. Be2 Nf6 11. Bxf6 exf6 12. O-O Bd6 13. Qd2 O-O 14. Rad1 Be6 15. c3 Bxd5 16. Qxd5 Be5 17. Qe4 Qe7 18. f4 Bd6 19. Qxe7 Bxe7 20. Rd7 Rab8 21. Bf3 Rfe8 22. Bxc6 bxc6 23. Rxa7 Ra8 24. Ra5 Rxa5 25. Nxa5 Bc5 26. Nxc6 Rxe3 27. Kh1 Re2 28. b4 Bd6 29. a4 Bxf4 30. a5 Bd2 31. c4 Re4 32. a6 1-0

[Event "December 19 Early 2023"]
[Site "https://www.chess.com"]
[Date "2023.12.19"]
[Round "3"]
[White "Zhigalko, Sergei"]
[Black "Nurgaliyeva, Zarina"]
[Result "1-0"]
[Board "73"]
[TimeControl "180+1"]
[WhiteFideId "13502956"]
[BlackFideId "13730096"]
[WhiteElo "2616"]
[BlackElo "2001"]
[WhiteTeam "BLR"]
[BlackTeam "KAZ"]
[WhiteClock "0:00:03"]
[BlackClock "0:00:00"]

1. e4 e5 2. Nf3 Nc6 3. Bc4 Nf6 4. d3 h6 5. O-O Bc5 6. Nbd2 d6 7. c3 a5 8. Re1 O-O 9. Nf1 Be6 10. Bb5 Ne7 11. d4 exd4 12. cxd4 Bb4 13. Re2 c6 14. Bd3 a4 15. Ng3 Ng6 16. a3 Ba5 17. Qxa4 Bg4 18. Qd1 Bxf3 19. gxf3 Nh4 20. Rc2 Qd7 21. Be3 Nh7 22. f4 Nf6 23. f5 Bd8 24. Kh1 b6 25. Qe2 c5 26. Rg1 Kh8 27. f3 Nh7 28. Nh5 Rg8 29. Qf2 Bg5 30. Rg4 Bxe3 31. Qxe3 cxd4 32. Qxd4 Nxf3 33. Qe3 Ne5 34. Rg3 f6 35. Bc4 d5 36. Bxd5 Rac8 37. Rxc8 Rxc8 38. Rxg7 Qb5 39. Rg1 Ng5 40. Nxf6 Rc2 41. Ng4 Nef3 42. Qf4 Qxb2 43. Qb8+ Kh7 44. Qb7+ Kh8 45. Qb8+ Kh7 46. Rf1 Rg2 47. Qb7+ 1-0

[Event "December 19 Early 2023"]
[Site "https://www.chess.com"]
[Date "2023.12.19"]
[Round "3"]
[White "Pesotskiy, Mikhail"]
[Black "Tari, Aryan"]
[Result "0-1"]
[Board "74"]
[TimeControl "180+1"]
[WhiteFideId "34164453"]
[BlackFideId "1510045"]
[WhiteElo "2078"]
[BlackElo "2577"]
[WhiteTeam "RUS"]
[BlackTeam "NOR"]
[WhiteClock "0:00:09"]
[BlackClock "0:00:14"]

1. d4 Nf6 2. c4 e6 3. Nc3 Bb4 4. Qc2 b6 5. a3 Bxc3+ 6. Qxc3 Bb7 7. f3 d5 8. e3 Nbd7 9. cxd5 exd5 10. Bd3 c5 11. Ne2 Rc8 12. O-O O-O 13. Bd2 Re8 14. Rac1 a6 15. Bb1 b5 16. Ng3 Qb6 17. dxc5 Nxc5 18. Qd4 Na4 19. Qxb6 Nxb6 20. b3 g6 21. Rxc8 Bxc8 22. Rc1 Be6 23. Bc3 Nfd7 24. Bd4 Rc8 25. Rxc8+ Nxc8 26. Ne2 Nb8 27. Kf2 Nc6 28. Bc3 N8e7 29. Nd4 Kf8 30. Nxc6 Nxc6 31. Bd4 Ke8 32. Bc5 d4 33. exd4 Bxb3 34. Be4 Nd8 35. Ke3 Kd7 36. d5 f5 37. Bd3 Bxd5 38. Kd4 Bb3 39. Ke5 Ne6 40. Be3 Nc7 41. f4 Nd5 42. Bd2 Kc6 43. Bb4 Bc4 44. Bc2 Ne3 45. Bb1 Nxg2 0-1

[Event "December 19 Early 2023"]
[Site "https://www.chess.com"]
[Date "2023.12.19"]
[Round "3"]
[White "Ronka, Erik"]
[Black "Corrales Jimenez, Fidel"]
[Result "0-1"]
[Board "75"]
[TimeControl "180+1"]
[WhiteFideId "505080"]
[BlackFideId "3506690"]
[WhiteElo "2264"]
[BlackElo "2507"]
[WhiteTeam "FIN"]
[BlackTeam "USA"]
[WhiteClock "0:00:00"]
[BlackClock "0:00:30"]

1. e4 c5 2. Nf3 d6 3. d4 cxd4 4. Nxd4 Nf6 5. Nc3 g6 6. Be3 Bg7 7. f3 O-O 8. Qd2 Nc6 9. Bc4 Nd7 10. O-O-O Nb6 11. Be2 d5 12. h4 Ne5 13. b3 dxe4 14. Nxe4 Nd5 15. Bh6 Bxh6 16. Qxh6 Qa5 17. Kb1 f6 18. c4 Nc3+ 19. Nxc3 Qxc3 20. Qd2 Qxd2 21. Rxd2 h5 22. Rhd1 a6 23. Kb2 Kg7 24. a4 g5 25. c5 gxh4 26. Rh1 h3 27. gxh3 Kh6 28. f4 Ng6 29. f5 Ne5 30. Rg1 Bd7 31. Bd1 Rg8 32. Rdg2 Rxg2+ 33. Rxg2 Bc6 34. Rg3 Rd8 35. b4 Rxd4 36. h4 Rxb4+ 37. Kc3 Rxh4 38. Rg8 Bxa4 39. Be2 Bb5 40. Bd1 Rc4+ 41. Kd2 Rd4+ 42. Ke1 Bd3 0-1

[Event "December 19 Early 2023"]
[Site "https://www.chess.com"]
[Date "2023.12.19"]
[Round "3"]
[White "Berezin, Viktor"]
[Black "Sjugirov, Sanan"]
[Result "0-1"]
[Board "76"]
[TimeControl "180+1"]
[WhiteFideId "14107872"]
[BlackFideId "4189302"]
[WhiteElo "2310"]
[BlackElo "2569"]
[WhiteTeam "UKR"]
[BlackTeam "HUN"]
[WhiteClock "0:00:14"]
[BlackClock "0:01:56"]

1. d4 Nf6 2. Nf3 b6 3. g3 Bb7 4. Bg2 g6 5. O-O Bg7 6. b3 O-O 7. Bb2 c5 8. c4 cxd4 9. Bxd4 d6 10. Bb2 Nbd7 11. Nc3 Rc8 12. Rc1 a6 13. Ne1 Bxg2 14. Nxg2 Ne4 15. Qc2 Nxc3 16. Bxc3 Bxc3 17. Qxc3 b5 18. Qd4 Qa5 19. h4 Qxa2 20. h5 Qxe2 21. Rfe1 Qxh5 22. Rxe7 Ne5 23. Nh4 bxc4 24. Qxd6 cxb3 25. Rxc8 Rxc8 26. Rxe5 b2 27. Re1 Qb5 28. Qd1 Qb4 29. Qb1 Qxe1+ 30. Qxe1 Rc1 0-1

[Event "December 19 Early 2023"]
[Site "https://www.chess.com"]
[Date "2023.12.19"]
[Round "3"]
[White "Mahdavi, Reza"]
[Black "Hamley, Ryan"]
[Result "1-0"]
[Board "77"]
[TimeControl "180+1"]
[WhiteFideId "12595926"]
[BlackFideId "30959497"]
[WhiteElo "2426"]
[BlackElo "2513"]
[WhiteTeam "IRI"]
[BlackTeam "USA"]
[WhiteClock "0:02:20"]
[BlackClock "0:01:17"]

1. e4 g6 2. d4 Bg7 3. Nc3 b6 4. f4 Bb7 5. Nf3 e6 6. Bd3 Ne7 7. Be3 O-O 8. O-O d6 9. Qd2 c5 10. Ne2 f5 11. e5 dxe5 12. dxe5 Nd5 13. Bf2 Nc6 14. a3 Qe8 15. c4 Nc7 16. b4 Rd8 17. bxc5 Na6 18. cxb6 axb6 19. Bxb6 Rd7 20. Qc3 Qc8 21. c5 Kh8 22. Bc4 Re7 23. Rfd1 h6 24. Rd6 Kh7 25. Rad1 Rff7 26. Ba2 Bf8 27. Ned4 Nxd4 28. Nxd4 1-0

[Event "December 19 Early 2023"]
[Site "https://www.chess.com"]
[Date "2023.12.19"]
[Round "3"]
[White "Jones, Gawain C B"]
[Black "Tabuenca Mendataurigoitia, Daniel"]
[Result "1-0"]
[Board "78"]
[TimeControl "180+1"]
[WhiteFideId "409561"]
[BlackFideId "24563617"]
[WhiteElo "2645"]
[BlackElo "2130"]
[WhiteTeam "ENG"]
[BlackTeam "ESP"]
[WhiteClock "0:00:30"]
[BlackClock "0:00:00"]

1. e4 d6 2. d4 Nf6 3. Nc3 e5 4. Nge2 exd4 5. Nxd4 Be7 6. g3 d5 7. Bg2 dxe4 8. O-O O-O 9. Nxe4 c6 10. Re1 Nxe4 11. Bxe4 Bf6 12. c3 Na6 13. Qc2 g6 14. Bh6 Bg7 15. Bxg7 Kxg7 16. Rad1 Qf6 17. h4 Bg4 18. f3 Bd7 19. h5 Rfd8 20. Qd2 h6 21. hxg6 fxg6 22. Kg2 Nc5 23. Rh1 h5 24. Bb1 Be6 25. b4 Bd5 26. bxc5 Bxf3+ 27. Nxf3 Rxd2+ 28. Rxd2 Rf8 29. Rd3 Qe7 30. Re1 Qxc5 31. Rd7+ Kh6 32. Ree7 Rxf3 33. Kxf3 Qxc3+ 34. Bd3 Qf6+ 35. Kg2 Qb2+ 36. Re2 Qb4 37. Rf2 Qg4 38. Rf6 Qxd7 39. Rxg6+ Kh7 40. Rd6+ 1-0

[Event "December 19 Early 2023"]
[Site "https://www.chess.com"]
[Date "2023.12.19"]
[Round "3"]
[White "Szpar, Milosz"]
[Black "Korkmaz, Necmettin"]
[Result "1-0"]
[Board "79"]
[TimeControl "180+1"]
[WhiteFideId "1184989"]
[BlackFideId "6303285"]
[WhiteElo "2446"]
[BlackElo "2044"]
[WhiteTeam "POL"]
[BlackTeam "TUR"]
[WhiteClock "0:01:14"]
[BlackClock "0:00:21"]

1. e4 e6 2. d4 d5 3. e5 c5 4. c3 Nc6 5. Nf3 Qb6 6. Bd3 cxd4 7. O-O Bd7 8. h4 Nge7 9. Re1 h6 10. Nbd2 Nf5 11. Qe2 Be7 12. h5 dxc3 13. bxc3 O-O 14. Rb1 Qc7 15. g4 Nh4 16. Nxh4 Bxh4 17. Nf3 Be7 18. Bc2 Na5 19. Qd3 f5 20. exf6 Rxf6 21. Qh7+ Kf7 22. Bg6+ Rxg6 23. hxg6+ Kf6 24. g5+ Kf5 25. Qxg7 Bxg5 26. Qf7+ Kg4 27. Ne5+ Kh4 28. Rb4+ Nc4 29. Rxc4+ dxc4 30. Re4+ Kh5 31. g7# 1-0

[Event "December 19 Early 2023"]
[Site "https://www.chess.com"]
[Date "2023.12.19"]
[Round "3"]
[White "noblerone"]
[Black "Materia, Marco"]
[Result "0-1"]
[Board "80"]
[TimeControl "180+1"]
[BlackFideId "45150451"]
[WhiteElo "2507"]
[BlackElo "2451"]
[BlackTeam "FRA"]
[WhiteClock "0:00:01"]
[BlackClock "0:00:51"]

1. d4 Nf6 2. Nf3 d5 3. Bg5 Ne4 4. Bf4 Bf5 5. e3 e6 6. h3 h6 7. a3 Nd7 8. c4 Bd6 9. Bxd6 Nxd6 10. cxd5 exd5 11. Nc3 c6 12. Bd3 Bxd3 13. Qxd3 O-O 14. O-O a5 15. Nd2 Re8 16. Rfc1 Nb6 17. b4 axb4 18. axb4 Nbc4 19. Nxc4 dxc4 20. Qe2 b5 21. Qf3 Qd7 22. Rxa8 Rxa8 23. d5 cxd5 24. Qxd5 Rd8 25. Rd1 Qe8 26. Qc5 Qf8 27. Nxb5 Nxb5 28. Rxd8 Qxd8 29. Qxb5 c3 30. Qc6 Qd3 31. Kh2 c2 32. b5 Kh7 33. b6 Qb3 34. b7 Qb2 35. Qe4+ g6 36. b8=Q Qxb8+ 0-1

[Event "December 19 Early 2023"]
[Site "https://www.chess.com"]
[Date "2023.12.19"]
[Round "3"]
[White "Senft, Sean"]
[Black "Pichot, Alan"]
[Result "1-0"]
[Board "81"]
[TimeControl "180+1"]
[WhiteFideId "2044960"]
[BlackFideId "110973"]
[WhiteElo "2005"]
[BlackElo "2592"]
[WhiteTeam "USA"]
[BlackTeam "ESP"]
[WhiteClock "0:00:14"]
[BlackClock "0:00:04"]

1. d4 d5 2. c4 e6 3. Nc3 c6 4. cxd5 exd5 5. Nf3 Bd6 6. Bg5 Ne7 7. e3 h6 8. Bh4 Bf5 9. Bd3 Bxd3 10. Qxd3 O-O 11. O-O Nd7 12. Rac1 Qb8 13. a3 Ng6 14. Bg3 a5 15. Na4 Re8 16. Nc5 Nxc5 17. Rxc5 Nf8 18. Rc2 Nd7 19. Rfc1 a4 20. Rc3 Ra6 21. Qc2 g6 22. Nd2 h5 23. Rd3 Nf6 24. Bxd6 Qxd6 25. h3 Kg7 26. Nb1 Ne4 27. Nc3 Nxc3 28. Rxc3 h4 29. Qd1 f5 30. R1c2 Re4 31. Qe1 Ra8 32. f3 Re7 33. Qxh4 Rae8 34. Qf2 f4 35. Re2 Qf6 36. Rd3 Qf5 37. e4 dxe4 38. fxe4 Rxe4 39. Rxe4 Rxe4 40. Qd2 Qd5 41. Qc3 Re2 42. Rf3 g5 43. Rf2 Re3 44. Qc5 Qxc5 45. dxc5 Kf6 46. Rc2 Ke5 47. Kf2 Kd5 48. Rc1 Rb3 49. Rc2 Rb5 50. Kf3 Rxc5 51. Rd2+ Kc4 52. Rc2+ Kd5 53. Rxc5+ Kxc5 54. Kg4 Kc4 55. Kxg5 Kb3 56. h4 c5 57. h5 c4 58. h6 Kxb2 59. h7 c3 60. h8=Q b5 61. Qd4 1-0

[Event "December 19 Early 2023"]
[Site "https://www.chess.com"]
[Date "2023.12.19"]
[Round "3"]
[White "Brodsky, David"]
[Black "Sadovsky, Artem"]
[Result "1-0"]
[Board "82"]
[TimeControl "180+1"]
[WhiteFideId "2073250"]
[BlackFideId "4155840"]
[WhiteElo "2824"]
[BlackElo "2314"]
[WhiteTeam "USA"]
[BlackTeam "FID"]
[WhiteClock "0:00:17"]
[BlackClock "0:00:00"]

1. d4 g6 2. e4 Bg7 3. Nf3 d6 4. Bc4 e6 5. O-O Ne7 6. Bg5 h6 7. Be3 g5 8. h3 Ng6 9. a4 Nd7 10. a5 a6 11. c3 Nf6 12. Nbd2 g4 13. Nh2 gxh3 14. gxh3 e5 15. Kh1 Bxh3 16. Rg1 Qe7 17. Qf3 Bd7 18. b4 Nh4 19. Qe2 Bf8 20. b5 axb5 21. Bxb5 c6 22. Bd3 Ng6 23. Rgb1 Bc8 24. Nc4 Nd7 25. a6 b5 26. Na5 Rxa6 27. d5 cxd5 28. Bxb5 Rxa5 29. Rxa5 dxe4 30. Ra8 Qd8 31. Qc4 Ne7 32. Ba6 f5 33. Bxc8 1-0

[Event "December 19 Early 2023"]
[Site "https://www.chess.com"]
[Date "2023.12.19"]
[Round "3"]
[White "Hnydiuk, Aleksander"]
[Black "Vakhlamov, Igor L."]
[Result "0-1"]
[Board "83"]
[TimeControl "180+1"]
[WhiteFideId "1109057"]
[BlackFideId "24126748"]
[WhiteElo "2374"]
[BlackElo "2407"]
[WhiteTeam "POL"]
[BlackTeam "RUS"]
[WhiteClock "0:00:00"]
[BlackClock "0:01:20"]

1. d4 d5 2. Nf3 e6 3. c4 Nf6 4. g3 c5 5. cxd5 cxd4 6. Bg2 Bc5 7. Nxd4 O-O 8. O-O Nxd5 9. Nc3 Nxc3 10. bxc3 e5 11. Nb3 Bd6 12. Be3 Qc7 13. c4 Rd8 14. Qc2 Nc6 15. Rfd1 Be6 16. Rac1 Rac8 17. Qc3 Bb4 18. Qb2 Be7 19. Nc5 Bxc5 20. Bxc5 b6 21. Be3 Rxd1+ 22. Rxd1 Bxc4 23. Rc1 b5 24. a4 a6 25. axb5 axb5 26. Bxc6 Qxc6 27. Qxe5 f6 28. Qb2 Rd8 29. h4 Qe4 30. Qc2 Qg4 31. Rd1 Re8 32. Qd2 Bxe2 33. Qd5+ Qe6 34. Qxe6+ Rxe6 35. Rd8+ Kf7 36. Rd7+ Kg6 37. Rb7 h5 38. Kg2 Re8 39. Bd4 Bc4 40. f3 Rd8 0-1

[Event "December 19 Early 2023"]
[Site "https://www.chess.com"]
[Date "2023.12.19"]
[Round "3"]
[White "Krzywda, Andrzej"]
[Black "Dyachuk, Artem"]
[Result "1-0"]
[Board "84"]
[TimeControl "180+1"]
[WhiteFideId "1114565"]
[BlackFideId "34107924"]
[WhiteElo "2130"]
[BlackElo "2244"]
[WhiteTeam "POL"]
[BlackTeam "UKR"]
[WhiteClock "0:00:09"]
[BlackClock "0:00:00"]

1. e4 e5 2. Nf3 Nc6 3. Bb5 a6 4. Ba4 Nf6 5. O-O Bc5 6. c3 d6 7. d4 Ba7 8. dxe5 dxe5 9. Qxd8+ Kxd8 10. Bxc6 bxc6 11. Nxe5 Ke8 12. Nxc6 Bb6 13. Nd2 Bb7 14. Ne5 Ke7 15. Re1 Rhd8 16. Ndc4 Ba7 17. Be3 Bxe3 18. Rxe3 Kf8 19. f3 a5 20. Ree1 a4 21. Red1 Ba6 22. Kf2 Nh5 23. Ne3 Nf4 24. g3 Ne6 25. Nc6 Re8 26. b4 Bb7 27. Nd4 Nd8 28. Nb5 Rc8 29. Rd7 Ne6 30. Nd4 Nd8 31. Rd1 h5 32. h4 g6 33. Nc4 Ba6 34. Na5 c5 35. Nc2 cxb4 36. Nxb4 Ne6 37. Nbc6 Bb5 38. R7d6 Rc7 39. c4 Bxc6 40. Nxc6 Rec8 41. Ne5 Ke7 42. Rd7+ Kf6 43. Rxc7 Rxc7 44. f4 Nc5 45. Ke3 Ke6 46. Rb1 f6 47. Rb6+ Ke7 48. Nxg6+ Kf7 49. f5 Rd7 50. Nf4 Rd1 51. Nd5 Re1+ 52. Kf3 Nxe4 53. Rb7+ Kf8 54. c5 Nxc5 55. Ra7 1-0

[Event "December 19 Early 2023"]
[Site "https://www.chess.com"]
[Date "2023.12.19"]
[Round "3"]
[White "Sreyas Payyappat"]
[Black "Hong, Andrew"]
[Result "0-1"]
[Board "85"]
[TimeControl "180+1"]
[WhiteFideId "46674969"]
[BlackFideId "2099438"]
[WhiteElo "2043"]
[BlackElo "2460"]
[WhiteTeam "IND"]
[BlackTeam "USA"]
[WhiteClock "0:00:00"]
[BlackClock "0:01:42"]

1. e4 e5 2. Nf3 d6 3. Bc4 Be7 4. Nc3 Nf6 5. d4 exd4 6. Nxd4 O-O 7. O-O Nxe4 8. Nxe4 d5 9. Bd3 dxe4 10. Bxe4 c6 11. c3 Bf6 12. Be3 Nd7 13. Qc2 g6 14. Rad1 Qc7 15. f4 Re8 16. f5 Nc5 17. fxg6 Nxe4 18. gxh7+ Kh8 19. Rf4 Bg5 20. Nb5 Qe7 21. Bd4+ f6 22. Rf3 cxb5 23. Re1 Bg4 0-1

[Event "December 19 Early 2023"]
[Site "https://www.chess.com"]
[Date "2023.12.19"]
[Round "3"]
[White "Klimkowski, Jan"]
[Black "Slade, Theodore"]
[Result "1-0"]
[Board "86"]
[TimeControl "180+1"]
[WhiteFideId "21856222"]
[BlackFideId "426547"]
[WhiteElo "2324"]
[BlackElo "1964"]
[WhiteTeam "POL"]
[BlackTeam "ENG"]
[WhiteClock "0:00:27"]
[BlackClock "0:00:03"]

1. d4 d5 2. Nf3 e6 3. Bf4 c5 4. e3 Nc6 5. Nbd2 Nf6 6. c3 Bd6 7. Bb5 Bxf4 8. exf4 Qb6 9. a4 cxd4 10. Nxd4 O-O 11. O-O Nxd4 12. cxd4 Qxd4 13. g3 Qxb2 14. Nb3 Bd7 15. Bd3 Rfc8 16. Nd4 Qb6 17. Rb1 Qc7 18. Qb3 Bc6 19. Rfc1 Qd7 20. a5 Ba4 21. Rxc8+ Rxc8 22. Qxb7 Rc1+ 23. Kg2 Rxb1 24. Qxb1 Qc7 25. Qb4 Be8 26. a6 Ne4 27. Qb7 Qc5 28. Qb8 Kf8 29. Bb5 Nd6 30. Bxe8 Nxe8 31. Nb5 Qc6 32. Qb7 Qc2 33. Nxa7 Qe4+ 34. Kf1 Qh1+ 35. Ke2 Qe4+ 36. Kd1 Qd3+ 37. Kc1 Qc3+ 38. Kd1 Qd3+ 39. Kc1 Qc3+ 40. Kb1 Qd3+ 41. Ka2 Qc2+ 42. Ka3 Qc1+ 43. Qb2 Qc5+ 44. Qb4 Qxb4+ 45. Kxb4 Nc7 46. Ka5 d4 47. Nb5 Nxa6 48. Kxa6 d3 49. Nc3 f6 50. Kb5 e5 51. fxe5 fxe5 52. Kc4 Ke7 53. Kxd3 Kd6 54. Ke3 Ke6 55. Ne4 Kf5 56. f3 h6 57. Nc5 g5 58. g4+ Kf6 59. Ke4 1-0

[Event "December 19 Early 2023"]
[Site "https://www.chess.com"]
[Date "2023.12.19"]
[Round "3"]
[White "Grochal, Joey"]
[Black "Dragun, Kamil"]
[Result "0-1"]
[Board "87"]
[TimeControl "180+1"]
[WhiteFideId "1019945"]
[BlackFideId "1134167"]
[WhiteElo "2231"]
[BlackElo "2551"]
[WhiteTeam "NED"]
[BlackTeam "POL"]
[WhiteClock "0:00:46"]
[BlackClock "0:00:36"]

1. e4 e5 2. Nf3 Nc6 3. Bb5 a6 4. Ba4 Nf6 5. O-O Be7 6. Re1 b5 7. Bb3 O-O 8. d3 d6 9. c3 Be6 10. Nbd2 Bxb3 11. Qxb3 Re8 12. Nf1 h6 13. Ne3 Bf8 14. a4 Rb8 15. axb5 axb5 16. Nd5 Nxd5 17. Qxd5 Ne7 18. Qb3 Qd7 19. Be3 Ra8 20. h3 c5 21. Red1 Qc6 22. d4 exd4 23. cxd4 c4 24. Qc2 d5 25. e5 b4 26. Nh2 b3 27. Qd2 Nf5 28. Bf4 Ra2 29. g4 Nh4 30. Bg3 Ng6 31. f4 Qa4 32. Rab1 Bb4 33. Qe3 Rc8 34. Rdc1 c3 35. bxc3 Ba3 36. Re1 Rc2 37. f5 R8xc3 38. fxg6 Rxe3 39. gxf7+ Kxf7 40. Rxe3 Rc1+ 41. Rxc1 Bxc1 42. e6+ Ke8 43. Bd6 Bxe3+ 0-1